 Dungeon Crawl Stone Soup version 0.30-a0-395-gfe72c296f8 (webtiles) character file.

Game seed: 16487014056928398239

306 Depression the Sneak (level 6, 0/40 HPs)
             Began as a Kobold Monk on Dec 7, 2022.
             Was a Believer of Wu Jian.
             Slain by a centaur (3 damage)
             ... on level 5 of the Dungeon.
             The game lasted 00:17:12 (3554 turns).

Depression the Sneak (Kobold Monk)                  Turns: 3554, Time: 00:17:14

Health: 0/40       AC:  2    Str:  9    XL:     6   Next: 67%
Magic:  6/6        EV: 21    Int: 11    God:    Wu Jian [**....]
Gold:   330        SH:  0    Dex: 19    Spells: 5/5 levels left

rFire   . . .      SeeInvis .    r - +3 dagger
rCold   + . .      Faith    .    (no shield)
rNeg    . . .      Spirit   .    b - +0 robe
rPois   .          Reflect  .    (no helmet)
rElec   .          Harm     .    (no cloak)
rCorr   .          Rampage  .    (no gloves)
Will    .....                    (no boots)
Stlth   ++++......               (no amulet)
HPRegen 0.26/turn                j - +4 ring of evasion
MPRegen 0.10/turn                q - ring of protection from cold {rC+}

@: mighty, lethally poisoned (0 -> -4)
A: small, no large weapons, nightstalker 3
a: Renounce Religion, Wall Jump


You were on level 5 of the Dungeon.
You worshipped Wu Jian.
Wu Jian was pleased with you.
You visited 1 branch of the dungeon, and saw 5 of its levels.

You collected 330 gold pieces.

Inventory:

Hand Weapons
 i - a +3 vorpal mace
 r - a +3 dagger (weapon)
Missiles
 d - 71 stones (quivered)
Armour
 b - a +0 robe (worn)
Jewellery
 j - a +4 ring of evasion (left hand)
 m - a ring of magical power {MP+9}
 o - a ring of see invisible {sInv}
 q - a ring of protection from cold (right hand) {rC+}
Wands
 w - a wand of digging (8)
Scrolls
 a - 2 scrolls of amnesia {unknown}
 e - a scroll of magic mapping {unknown}
 k - 3 scrolls of poison {unknown}
 l - 6 scrolls of identify {unknown}
 n - 2 scrolls of teleportation {unknown}
 s - a scroll of fear {unknown}
 u - a scroll of silence {unknown}
 x - a scroll of brand weapon {unknown}
 y - a scroll of summoning {unknown}
Potions
 c - 3 potions of ambrosia
 f - 4 potions of might
 g - 2 potions of berserk rage {unknown}
 h - 2 potions of heal wounds {unknown}
 p - a potion of curing {unknown}
 t - a potion of degeneration {unknown}
 v - a potion of flight {unknown}
 A - a potion of attraction {unknown}
Miscellaneous
 z - a piece from Xom's chessboard (15/15)


   Skills:
 - Level 5.0 Fighting
 - Level 5.0 Short Blades
 - Level 5.0 Dodging
 + Level 6.0 Stealth


You had 5 spell levels left.
You didn't know any spells.
Your spell library contained the following spells:

 Spells                   Type           Power      Damage    Failure   Level
 Freeze                   Ice            0%         1d3       34%         1
 Frozen Ramparts          Ice            0%         1d1       71%         3
 Hailstorm                Conj/Ice       0%         3d3       71%         3


Dungeon Overview and Level Annotations

Branches:
Dungeon (5/15) Zot: 26503
 Temple: D:4-7

Altars:
Dithmenos
Ru
Trog
Wu Jian
Xom


Innate Abilities, Weirdness & Mutations

You are small and have problems with some larger weapons.
You are completely attuned to the shadows.


Message History

You closely miss the centaur.
The centaur is heavily wounded.
The centaur hits you. The centaur barely misses you.
The adder closely misses you.
You barely miss the centaur.
The centaur is heavily wounded.
The centaur completely misses you. The centaur closely misses you.
The adder misses you.
You hit the centaur.
The centaur is severely wounded.
The centaur completely misses you. The centaur closely misses you.
The adder misses you. The centaur hits you. The centaur completely misses you.
You barely miss the centaur.
The centaur is severely wounded.
The adder completely misses you. The centaur completely misses you. x2
You barely miss the centaur.
The centaur is severely wounded.
The adder bites you.
* * * LOW HITPOINT WARNING * * *
The centaur hits you.
* * * LOW HITPOINT WARNING * * *
The centaur misses you.
You hit the centaur but do no damage.
The centaur is severely wounded.
The centaur misses you. The centaur closely misses you. The adder bites you.
* * * LOW HITPOINT WARNING * * *
You are poisoned.
The adder poisons you!
You hit the centaur.
The centaur is severely wounded.
You feel sick. The centaur completely misses you. The centaur misses you.
The adder misses you.
It was a potion of might.
You feel very mighty all of a sudden.
You feel sick. The centaur hits you.
* * * LOW HITPOINT WARNING * * *
The centaur kicks you.
* * * LOW HITPOINT WARNING * * *
The adder misses you. The centaur hits you.
You die...

#.....#.##.. ####
##.##.......
##..########......
##....#..##.###....
#........#..##.....
##............#....
###.....#....##...
##.......##........
#.@.......#........
#cS..$.............
#.................
##....... . ##.....
. . .


You could see a centaur and an adder.

Vanquished Creatures
  A scorpion (D:5)
  2 hounds (D:5)
  An orc priest (D:4)
  3 adders
  A shadow imp (D:5)
  3 worms
  5 dart slugs
  3 orcs
  7 ball pythons
  6 endoplasms
  16 giant cockroaches
  6 goblins
  6 hobgoblins
  6 jackals
  5 quokkas
  7 bats
  4 frilled lizards (D:1)
  6 kobolds
  4 rats
  A butterfly (D:5)
93 creatures vanquished.

Notes
Turn   | Place    | Note
-------+----------+-------------------------------------------
     0 | D:1      | Depression the Kobold Monk began the quest for the Orb.
     0 | D:1      | Reached XP level 1. HP: 14/14 MP: 1/1
    74 | D:1      | Reached skill level 3 in Stealth
    83 | D:1      | Reached XP level 2. HP: 11/19 MP: 2/2
   216 | D:1      | Reached skill level 4 in Dodging
   431 | D:1      | Reached XP level 3. HP: 14/24 MP: 3/3
   661 | D:1      | Reached skill level 4 in Fighting
   867 | D:2      | Reached skill level 4 in Stealth
  1034 | D:2      | Found a faded altar of an unknown god.
  1530 | D:2      | Found a sacrificial altar of Ru.
  1545 | D:2      | Reached XP level 4. HP: 29/29 MP: 4/4
  1876 | D:3      | Reached skill level 5 in Stealth
  2017 | D:3      | Reached XP level 5. HP: 33/33 MP: 5/5
  2533 | D:4      | Noticed an ogre
  3300 | D:5      | Entered Level 5 of the Dungeon
  3319 | D:5      | Reached skill level 5 in Short Blades
  3319 | D:5      | Reached XP level 6. HP: 40/40 MP: 6/6
  3327 | D:5      | Reached skill level 5 in Fighting
  3327 | D:5      | Reached skill level 5 in Dodging
  3344 | D:5      | Found a shimmering altar of Xom.
  3370 | D:5      | Found a shadowy altar of Dithmenos.
  3370 | D:5      | Found an ornate altar of the Wu Jian Council.
  3372 | D:5      | Found a bloodstained altar of Trog.
  3376 | D:5      | Became a worshipper of the Wu Jian Council
  3376 | D:5      | Reached * piety under Wu Jian
  3376 | D:5      | Reached ** piety under Wu Jian
  3451 | D:5      | Reached skill level 6 in Stealth
  3553 | D:5      | HP: 9/40 [poisoned by an adder]
  3554 | D:5      | HP: 3/40 [centaur (2)]
  3554 | D:5      | Slain by a centaur

Illustrated notes

Levels and vault maps discovered:
D:1:      sevenhm_arrival_forest_fort_large_4, layout_rooms
D:2:      layout_loops_ring, ebering_ecumenical_altar_box, basic_altar
D:3:      minmay_roachtagon, layout_basic
D:4:      layout_loops_ring
D:5:      layout_cave_pools, gammafunk_temple_overflow_forgotten,
          xom_butterflies

Skill      XL: |  1  2  3  4  5  6 |
---------------+-------------------+-----
Stealth        | 3 4 5 6 |  6.0
Dodging        | 4 5 |  5.0
Fighting       | 4 5 |  5.0
Short Blades   | 5 |  5.0

Action                   |  1- 3 |  4- 6 || total
-------------------------+-------+-------++-------
Melee: Short sword       |    88 |    23 ||   111
       Dagger            |       |   154 ||   154
       Punch             |       |     2 ||     2
Invok: Lunge             |       |     1 ||     1
  Use: Potion            |       |     1 ||     1
 Stab: Sleeping          |    24 |    18 ||    42
       Distracted        |       |     2 ||     2
Armor: Robe              |    11 |    16 ||    27
Dodge: Dodged            |    40 |   175 ||   215

Table legend: (Time is in decaauts)
 A = Elapsed time spent in this place.
 B = Non-inter-level travel time spent in this place.
 C = Inter-level travel time spent in this place.
 D = Time resting spent in this place.
 E = Time spent auto-exploring this place.
 F = Levels seen in this place.
 G = Mean time per level.
                   A        B        C        D        E       F      G
               +--------+--------+--------+--------+--------+-----+--------+
         Total |   3496 |   3287 |    209 |    134 |   1118 |   5 |  699.2 |
       Dungeon |   3496 |   3287 |    209 |    134 |   1118 |   5 |  699.2 |
               +--------+--------+--------+--------+--------+-----+--------+

Top non-repeatable levels by time:
     D:4: 878 daAuts
     D:1: 837 daAuts
     D:2: 812 daAuts
     D:3: 718 daAuts
     D:5: 248 daAuts
